 Dungeon Crawl Stone Soup version 0.28.0-43-g3370ac3207 (webtiles) character file.

Game seed: 15923327077864163848

644 Peloso the Slasher (level 7, -1/60 HPs)
             Began as a Minotaur Fighter on Mar 17, 2022.
             Slain by an ice beast (10 damage)
             ... on level 5 of the Dungeon.
             The game lasted 00:06:08 (4203 turns).

Peloso the Slasher (Minotaur Fighter)               Turns: 4203, Time: 00:06:08

Health: -1/60      AC: 12    Str: 21    XL:     7   Next: 27%
Magic:  6/6        EV:  6    Int:  5    God:
Gold:   124        SH:  5    Dex: 11    Spells: 6/6 levels left

rFire   . . .      SeeInvis .   a - +0 long sword
rCold   . . .      Faith    .   c - +0 buckler
rNeg    . . .      Spirit   .   j - +0 plate armour
rPois   .          Reflect  .   (helmet restricted)
rElec   .          Harm     .   (no cloak)
rCorr   .          Rampage  .   (no gloves)
Will    .....                   (no boots)
Stlth   ..........              (no amulet)
HPRegen 0.20/turn               (no ring)
MPRegen 0.10/turn               (no ring)

@: no status effects
A: horns 2, retaliatory headbutt
a: no special abilities


You were on level 5 of the Dungeon.
You visited 1 branch of the dungeon, and saw 5 of its levels.
You also visited: Ossuary.

You collected 124 gold pieces.

Inventory:

Hand Weapons
 a - a +0 long sword (weapon)
Armour
 b - a +0 scale mail
 c - a +0 buckler (worn)
 j - a +0 plate armour (worn)
Jewellery
 x - an amulet of magic regeneration
Wands
 r - a wand of acid (3)
 w - a wand of flame (15)
Scrolls
 f - a scroll of fog {unknown}
 h - 3 scrolls of fear {unknown}
 m - a scroll of vulnerability {unknown}
 n - 2 scrolls of magic mapping {unknown}
 p - a scroll of enchant weapon {unknown}
 q - 2 scrolls of identify
 t - a scroll of enchant armour {unknown}
 v - a scroll of acquirement {unknown}
Potions
 d - 2 potions of might
 e - 5 potions of curing
 g - a potion of ambrosia
 i - 2 potions of flight
 k - 2 potions of mutation {unknown}
 l - 2 potions of haste {unknown}
 o - a potion of brilliance {unknown}
 s - 4 potions of magic {unknown}
 u - a potion of cancellation {unknown}


   Skills:
 + Level 4.7 Fighting
 + Level 6.6 Long Blades
 + Level 6.1 Armour
 + Level 0.2 Dodging
 + Level 5.3 Shields
 + Level 0.5 Evocations


You had 6 spell levels left.
You didn't know any spells.
Your spell library contained the following spells:

 Spells                   Type           Power      Damage    Failure   Level
 Ensorcelled Hibernation  Hex/Ice        0%         N/A       100%        2
 Passwall                 Tmut/Erth      0%         N/A       100%        2
 Swiftness                Air            0%         N/A       100%        3


Dungeon Overview and Level Annotations

Branches:
Dungeon (5/15)            Ossuary (visited)
 Temple: D:4-7

Altars:


Innate Abilities, Weirdness & Mutations

You have a pair of horns on your head.
You reflexively headbutt those who attack you in melee.


Message History

You block the ogre's attack.
You hit the ogre. You headbutt the ogre!
The ogre is heavily wounded.
The ogre hits you with a +0 giant club!!
You hit the ogre.
The ogre is severely wounded.
The ogre hits you with a +0 giant club!
You hit the ogre.
The ogre is almost dead.
The ogre barely misses you.
You hit the ogre.
The ogre is almost dead.
The ogre barely misses you. You furiously retaliate!
You headbutt the ogre, but do no damage.
You completely miss the ogre.
The ogre is almost dead.
You barely miss the ogre. You headbutt the ogre.
You kill the ogre!
Your Armour skill increases to level 6!
You slash the hound!
The hound is heavily wounded.
You block the hound's attack. x2
You slash the hound!
You kill the hound!
You hit the ice beast.
The ice beast is lightly wounded.
The ice beast hits you but does no damage.
You barely miss the ice beast. Your headbutt misses the ice beast.
The ice beast is lightly wounded.
The ice beast hits you. The ice beast freezes you!
* * * LOW HITPOINT WARNING * * *
You slash the ice beast! You headbutt the ice beast.
The ice beast is severely wounded.
You block the ice beast's attack.
You hit the ice beast.
The ice beast is almost dead.
The ice beast hits you.
* * * LOW HITPOINT WARNING * * *
The ice beast freezes you!
You die...

# .# ## .# . .. #
#. .#... .###
Z###... #... #Y..#
#.#. #@#.#
..##...###...##..#
................#
#.##.##.#..###.##
###.##.##.#......#
...........#.###.#
######..##.......
##.####.#### #.#
#.#


You could see an ice beast and a bullfrog zombie.

Vanquished Creatures
  2 ogres
  Blork the orc (D:4)
  4 centaur zombies
  A hound (D:5)
  An iguana (D:5)
  6 mummies
  3 gnolls (D:2)
  An adder (D:4)
  A white imp (D:5)
  2 worms (D:2)
  2 dart slugs
  5 orcs
  4 bats
  5 endoplasms
  3 giant cockroaches (D:1)
  7 goblins
  3 hobgoblins
  7 jackals (D:4)
  6 quokkas
  7 ball pythons
  2 frilled lizards
  6 hobgoblin zombies
  8 kobolds
  An orc zombie (D:4)
  7 rats
95 creatures vanquished.

Notes
Turn   | Place    | Note
-------+----------+-------------------------------------------
     0 | D:1      | Peloso the Minotaur Fighter began the quest for the Orb.
     0 | D:1      | Reached XP level 1. HP: 19/19 MP: 0/0
   371 | D:1      | Reached XP level 2. HP: 22/27 MP: 1/1
   941 | D:1      | Reached XP level 3. HP: 33/33 MP: 2/2
  1706 | D:2      | Reached XP level 4. HP: 40/40 MP: 3/3
  1798 | D:2      | Found a faded altar of an unknown god.
  2818 | D:3      | Identified the +3 leather armour of Lugonu's Benevolence
                  | {*Corrode +Inv rPois}
  3057 | D:4      | Reached skill level 5 in Armour
  3090 | D:4      | Reached XP level 5. HP: 46/46 MP: 4/4
  3132 | D:4      | Noticed an ogre
  3139 | D:4      | Killed an ogre
  3140 | D:4      | Reached skill level 5 in Shields
  3189 | D:4      | Found a sand-covered staircase.
  3329 | Ossuary  | Entered an ossuary
  3339 | Ossuary  | Reached XP level 6. HP: 43/53 MP: 5/5
  3357 | Ossuary  | Reached skill level 5 in Long Blades
  3670 | D:4      | Identified the +2 flail "Puasef" {spect, Drain rPois rF-
                  | Int+9}
  3700 | D:4      | Noticed Blork the orc
  3717 | D:4      | Killed Blork the orc
  4045 | D:5      | Entered Level 5 of the Dungeon
  4109 | D:5      | Reached XP level 7. HP: 47/60 MP: 6/6
  4203 | D:5      | Slain by an ice beast

Illustrated notes

Levels and vault maps discovered:
D:1:      psy_arrival_conway, layout_loops_corners, hex_large
D:2:      layout_basic, ebering_ecumenical_altar_abandoned
D:3:      layout_loops_ring
D:4:      layout_rooms, nicolae_ossuary_entry_giza, corexii_corridor_pit,
          uniq_blork_the_orc
D:5:      layout_loops_ring, minmay_starry_boxes

Skill      XL: |  1  2  3  4  5  6  7 |
---------------+----------------------+-----
Armour         | 4 5 6 |  6.1
Fighting       | 4 |  4.7
Long Blades    | 3 4 6 |  6.6
Shields        | 4 5 |  5.3
Dodging        | |  0.2
Evocations     | |  0.5

Action                   |  1- 3 |  4- 6 |  7- 9 || total
-------------------------+-------+-------+-------++-------
Melee: Long sword        |    84 |   131 |    20 ||   235
       Headbutt          |    10 |    13 |     4 ||    27
Evoke: Wand              |       |     8 |       ||     8
  Use: Scroll            |       |     4 |       ||     4
Armor: Scale mail        |    29 |       |       ||    29
       Plate armour      |    15 |   138 |     4 ||   157
Dodge: Dodged            |    36 |    62 |     2 ||   100
Block: Buckler           |    22 |    45 |     4 ||    71
